 Dungeon Crawl Stone Soup version 0.29.1-1-gd02db6906a (webtiles) character file.

Game seed: 14681196814660756900

163 keekatzer the Covered (level 5, -14/33 HPs)
             Began as a Tengu Fighter on Sept 17, 2022.
             Killed from afar by a steam dragon (16 damage)
             ... with a ball of steam
             ... on level 4 of the Dungeon.
             The game lasted 00:09:49 (1425 turns).

keekatzer the Covered (Tengu Fighter)               Turns: 1425, Time: 00:09:50

Health: -14/33     AC: 10    Str: 22    XL:     5   Next: 44%
Magic:  6/6        EV: 12    Int:  8    God:
Gold:   190        SH:  5    Dex: 16    Spells: 4/4 levels left

rFire   . . .      SeeInvis .   a - +0 war axe
rCold   . . .      Faith    .   c - +0 buckler
rNeg    . . .      Spirit   .   b - +0 scale mail
rPois   .          Reflect  .   h - +2 hat
rElec   .          Harm     .   (no cloak)
rCorr   .          Rampage  .   m - +0 pair of gloves
Will    .....                   (boots unavailable)
Stlth   ..........              (no amulet)
HPRegen 0.11/turn               o - +6 ring of strength
MPRegen 0.10/turn               (no ring)

@: flying quickly and evasively, quick
A: beak, talons 3, nimble flight
a: no special abilities


You were on level 4 of the Dungeon.
You visited 1 branch of the dungeon, and saw 4 of its levels.

You collected 190 gold pieces.

Inventory:

Hand Weapons
 a - a +0 war axe (weapon)
Armour
 b - a +0 scale mail (worn)
 c - a +0 buckler (worn)
 h - a +2 hat (worn)
 m - a +0 pair of gloves (worn)
Magical Staves
 t - a staff of fire
Jewellery
 o - a +6 ring of strength (left hand)
Wands
 u - a wand of mindburst (11)
Scrolls
 e - 2 scrolls of identify {unknown}
 f - 2 scrolls of immolation {unknown}
 g - a scroll of magic mapping {unknown}
 i - a scroll of acquirement {unknown}
 n - a scroll of torment {unknown}
 p - 2 scrolls of poison {unknown}
Potions
 d - 2 potions of might
 j - a potion of flight {unknown}
 k - a potion of haste {unknown}
 l - a potion of curing {unknown}
 q - 2 potions of degeneration {unknown}
 r - a potion of attraction {unknown}
 s - a potion of brilliance {unknown}
 v - a potion of berserk rage {unknown}


   Skills:
 + Level 3.9 Fighting
 - Level 2.1 Axes
 + Level 4.3 Armour
 + Level 2.5 Dodging
 + Level 3.9 Shields


You had 4 spell levels left.
You didn't know any spells.
Your spell library contained the following spells:

 Spells                   Type           Power      Damage    Failure   Level
 Shock                    Conj/Air       0%         1d3       82%         1
 Swiftness                Air            0%         N/A       99%         3
 Airstrike                Air            0%         2d(0-16)  100%        4


Dungeon Overview and Level Annotations

Branches:
Dungeon (4/15)
 Temple: D:4-7

Altars:
Kikubaaqudgha


Innate Abilities, Weirdness & Mutations

You have a beak for a mouth.
You have claws for feet.
Your magical nature lets you fly swiftly and evasively.


Message History

The hound barely misses you. You block the ball python's attack.
The ball python barely misses you. The hound bites you.
You have reached level 5!
Your magical nature develops, letting you fly swiftly and evasively.
You barely miss the hound. Your kick misses the hound.
Your peck misses the hound.
The hound is heavily wounded.
You hit the ball python.
You kill the ball python!
You block the hound's attack. The hound barely misses you.
You hit the hound. Your kick misses the hound.
The hound is almost dead.
You hit the steam dragon but do no damage.
The hound bites you.
The steam dragon bites you but does no damage.
The steam dragon claws you but does no damage.
The hound barely misses you.
The steam dragon bites you but does no damage.
The steam dragon claws you but does no damage.
You slash the hound!
You kill the hound!
You hit the steam dragon. The steam dragon breathes steam at you.
The ball of steam hits you.
Unknown command.
You hit the steam dragon. You claw the steam dragon.
Your peck misses the steam dragon.
The steam dragon is moderately wounded.
You are engulfed in a cloud of scalding steam.
The steam dragon completely misses you.
The steam dragon claws you but does no damage.
You closely miss the steam dragon. You claw the steam dragon.
The steam dragon is moderately wounded.
You are engulfed in a cloud of scalding steam.
* * * LOW HITPOINT WARNING * * *
The steam dragon bites you but does no damage.
The steam dragon claws you but does no damage.
The steam dragon breathes steam at you. The ball of steam hits you!
You die...

.. ... .... ....#
.....#
......#######D.
........>.....# #D†##
##@.# ##§# #.#
############.##
#...<.....##..#
#.........###.##
#.........# #..# #
#.........####.# ..#
#####......###.#....#


You could see a steam dragon (catching breath).

Vanquished Creatures
  2 hounds (D:4)
  An iguana (D:4)
  An adder (D:3)
  2 worms (D:2)
  4 dart slugs
  3 orcs (D:3)
  4 ball pythons
  2 bats (D:1)
  5 endoplasms
  2 giant cockroaches
  2 hobgoblins
  3 jackals (D:2)
  4 quokkas
  3 frilled lizards
  6 goblins
  6 kobolds
  2 rats
52 creatures vanquished.

Vanquished Creatures (others)
  2 plants (D:2)
  3 withered plants
5 creatures vanquished.

Grand Total: 57 creatures vanquished

Notes
Turn   | Place    | Note
-------+----------+-------------------------------------------
     0 | D:1      | keekatzer the Tengu Fighter began the quest for the Orb.
     0 | D:1      | Reached XP level 1. HP: 14/14 MP: 2/2
   104 | D:1      | Reached XP level 2. HP: 15/19 MP: 3/3
   221 | D:1      | Reached skill level 1 in Dodging
   503 | D:2      | Reached XP level 3. HP: 17/23 MP: 4/4
   639 | D:2      | Found a faded altar of an unknown god.
   901 | D:3      | Found an ancient bone altar of Kikubaaqudgha.
  1041 | D:3      | Reached XP level 4. HP: 28/28 MP: 5/5
  1312 | D:3      | Reached skill level 4 in Armour
  1412 | D:4      | Noticed a steam dragon
  1421 | D:4      | Gained mutation: Your magical nature lets you fly swiftly
                  | and evasively. [Tengu growth]
  1421 | D:4      | Reached XP level 5. HP: 20/33 MP: 6/6
  1425 | D:4      | HP: 1/33 [steam dragon] (14)]
  1425 | D:4      | Killed from afar by a steam dragon

Illustrated notes

Levels and vault maps discovered:
D:1:      dreamdust_arrival_sigmund_warning, layout_basic, st_stairs_9
D:2:      layout_basic, shapermc_ecumenical_altar_flowoftime
D:3:      layout_basic, kiku_gazebo_garden_becter, minmay_misc_feat_rugged,
          minmay_misc_feat_cross, chequers_serial_rivers_small_b,
          chequers_serial_rivers_micro_d
D:4:      layout_rooms, minitemple, uniq_ijyb

Skill      XL: |  1  2  3  4 |
---------------+-------------+-----
Dodging        | 1 2 |  2.5
Armour         | 4 |  4.3
Fighting       | |  3.9
Axes           | |  2.1
Shields        | |  3.9

Action                   |  1- 3 |  4- 6 || total
-------------------------+-------+-------++-------
Melee: War axe           |    77 |    29 ||   106
       Kick              |    11 |     6 ||    17
       Peck              |     9 |     1 ||    10
Armor: Scale mail        |    34 |    23 ||    57
Dodge: Dodged            |    28 |    19 ||    47
Block: Buckler           |    10 |     8 ||    18
